Map: [ESL] Cosmic Sapphire

Players

Zoun - Winner!

  • Race: Protoss Protoss
  • Spawn Location: 5:00

LiquidElazer (Elazer)

  • Race: Zerg Zerg
  • Spawn Location: 11:00

Event: TSL 9

VOD

Have the link to the VOD?

Description

Time

  • Played on: Aug. 6, 2022, 11:11 a.m.
  • Length: 9:48

All games in this series

Show
View Real Time Build Order
Export as new Build Order

Zoun Protoss - Winner!

Build Orders: 1 Gate Expand, Oracle Opening 

Get SALT Encoding   

  12  0:00  Probe  
  13  0:12  Probe  
  14  0:20  Pylon  
  14  0:24  Probe  
  15  0:38  Probe (Chrono Boost)  
  15  0:40  Gateway  
  16  0:47  Probe (Chrono Boost)  
  17  0:50  Assimilator  
  17  0:52  Probe (Chrono Boost)  
  18  1:04  Probe  
  19  1:16  Probe  
  20  1:26  Nexus  
  20  1:37  Cybernetics Core  
  20  1:39  Probe  
  21  1:45  Assimilator  
  21  1:52  Probe  
  22  1:55  Pylon  
  22  2:04  Probe  
  23  2:10  Adept (Chrono Boost)  
  25  2:16  Probe  
  25  2:19  Stargate  
  26  2:26  Warp Gate  
  26  2:28  Probe (Chrono Boost)  
  27  2:35  Stalker  
  29  2:38  Probe (Chrono Boost)  
  31  2:46  Probe (Chrono Boost)  
  31  2:47  Probe (Chrono Boost)  
  31  2:50  Probe (Chrono Boost)  
  32  2:52  Probe (Chrono Boost)  
  34  3:02  Oracle (Chrono Boost)  
  34  3:04  Probe  
  38  3:10  Probe  
  38  3:12  Adept  
  41  3:15  Pylon  
  41  3:23  Probe  
  41  3:25  Probe  
  43  3:32  Oracle (Chrono Boost)  
  43  3:35  Probe  
  47  3:44  Nexus  
  47  3:47  Pylon  
  47  3:50  Probe x2  
  49  3:57  Assimilator  
  49  3:59  Assimilator  
  49  4:02  Probe  
  50  4:04  Probe  
  50  4:05  Gateway  
  50  4:07  Shield Battery  
  51  4:16  Twilight Council, Probe  
  51  4:17  Probe  
  53  4:26  Pylon  
  53  4:29  Probe x2  
  55  4:41  Probe x2  
  55  4:44  Blink (Chrono Boost)  
  57  4:46  Gateway  
  57  4:49  Gateway  
  57  4:53  Probe x2  
  57  4:56  Stalker  
  57  4:58  Probe  
  57  4:59  Stalker  
  64  5:09  Gateway  
  64  5:10  Gateway  
  64  5:15  Gateway  
  64  5:16  Gateway  
  64  5:19  Probe  
  65  5:21  Probe  
  65  5:22  Probe  
  67  5:34  Probe, Stalker x2  
  72  5:41  Stalker  
  74  5:45  Stalker  
  74  5:49  Pylon  
  76  5:50  Pylon  
  76  5:52  Pylon  
  76  5:57  Stalker x2  
  76  6:02  Pylon  
  80  6:06  Stalker x2  
  84  6:11  Gateway  
  84  6:13  Stalker x2  
  84  6:16  Stalker  
  90  6:27  Zealot x3  
  96  6:33  Zealot  
  98  6:42  Stalker x4  
  102  6:51  Stalker x3  
  106  7:00  Stalker  
  96  7:11  Stalker x5  
  106  7:16  Stalker  
  106  7:17  Stalker  
  106  7:21  Stalker  
  112  7:32  Stalker  
  111  7:42  Stalker x3  
  117  7:46  Probe  
  117  7:47  Pylon  
  117  7:48  Probe, Pylon  
  117  8:05  Probe x2  
  119  8:07  Stalker x6  
  127  8:20  Stalker x3  
  133  8:30  Stalker  
  125  8:42  Stalker x5  
  131  8:49  Stalker  
  131  8:53  Pylon  
  131  8:56  Stalker  
  133  9:07  Stalker  
  133  9:15  Stalker x5  
  127  9:30  Stalker x4  
Show
View Real Time Build Order
Export as new Build Order

LiquidElazer Zerg 

Build Orders: Hatch First 

Get SALT Encoding   

  12  0:00  Drone  
  13  0:12  Overlord  
  13  0:17  Drone  
  14  0:31  Drone x2  
  16  0:49  Hatchery  
  15  0:52  Drone  
  15  0:55  Drone  
  17  0:58  Drone  
  18  1:09  Extractor  
  17  1:13  Spawning Pool  
  17  1:17  Drone  
  17  1:20  Drone  
  18  1:28  Drone  
  19  1:39  Drone  
  20  1:50  Overlord  
  20  2:00  Queen x2  
  24  2:01  Zergling x2, Drone  
  26  2:12  Metabolic Boost, Drone x2  
  28  2:22  Zergling x2, Drone  
  30  2:32  Drone  
  30  2:33  Drone  
  30  2:36  Queen  
  34  2:44  Overlord  
  34  2:46  Drone  
  35  2:53  Hatchery  
  35  2:56  Drone  
  35  2:58  Drone  
  36  3:09  Spore Crawler  
  36  3:10  Drone x4  
  39  3:13  Queen  
  39  3:16  Queen  
  44  3:21  Overlord  
  44  3:24  Overlord  
  44  3:31  Spore Crawler  
  44  3:33  Drone  
  44  3:43  Drone x8  
  44  3:46  Drone x2  
  54  3:56  Overlord  
  54  3:58  Queen  
  54  4:01  Drone  
  57  4:04  Queen  
  57  4:06  Drone x3  
  62  4:11  Queen  
  62  4:13  Overlord  
  64  4:18  Drone x4  
  68  4:27  Roach Warren, Extractor  
  68  4:28  Drone x3  
  69  4:34  Overlord  
  66  4:39  Drone  
  66  4:41  Drone  
  66  4:43  Drone  
  66  4:44  Drone x6  
  74  4:46  Extractor  
  74  4:49  Overlord  
  74  4:50  Drone x3  
  76  4:56  Overlord  
  76  5:06  Hatchery  
  74  5:07  Evolution Chamber  
  74  5:10  Drone  
  74  5:11  Drone  
  74  5:12  Zergling x2  
  74  5:13  Zergling x4  
  77  5:18  Drone x3, Extractor  
  77  5:20  Zergling x12  
  85  5:24  Overlord  
  82  5:31  Drone x2  
  80  5:36  Zerg Melee Weapons Level 1  
  80  5:38  Drone x2  
  80  5:40  Lair  
  82  5:47  Zergling x14  
  89  5:56  Overlord  
  89  5:57  Drone  
  89  5:58  Drone x2  
  89  6:03  Roach x2  
  96  6:07  Drone  
  96  6:09  Roach x2  
  102  6:18  Zergling x18  
  106  6:27  Roach x4  
  106  6:30  Ravager x4  
  116  6:34  Zergling x10  
  116  6:37  Queen x3  
  119  6:43  Zergling x12  
  121  6:47  Zergling x2  
  118  6:58  Zergling x8  
  118  7:05  Ravager x3  
  118  7:06  Zergling x10, Ravager  
  127  7:13  Zergling x4  
  127  7:18  Overlord x3  
  114  7:30  Zergling x12  
  114  7:32  Glial Reconstitution  
  116  7:38  Roach x2  
  116  7:39  Roach x4  
  116  7:41  Hatchery  
  116  7:42  Queen  
  116  7:43  Queen x2  
  126  7:47  Zergling x18  
  130  7:53  Zergling x2  
  128  7:59  Ravager x6  
  128  8:00  Zergling x4  
  131  8:07  Zergling x10  
  130  8:14  Zergling x10  
  130  8:18  Zergling x8  
  133  8:25  Queen x3  
  134  8:30  Overseer  
  134  8:32  Queen  
  135  8:41  Zergling x8  
  128  8:46  Zergling x8  
  124  8:55  Zergling x18  
  126  9:02  Roach x3  
  129  9:08  Roach x3  
  124  9:14  Roach x2  
  119  9:21  Roach x2  
  107  9:28  Roach x7  
Tags
 
Add a new tag
Caveats
  • Supply blocks, unpowered buildings, or Contaminate may cause inaccurate times.
  • Supply counts are checked every 10 seconds.